 Dungeon Crawl Stone Soup version 0.22.0-60-ga52c2fcf6e (webtiles) character file.

117087 MaCx the Warrior (level 16, -6/157 HPs)
             Began as a Minotaur Berserker on Sept 10, 2018.
             Was the Champion of Trog.
             Mangled by a golden dragon simulacrum (22 damage)
             ... in an ice cave.
             The game lasted 01:58:10 (38478 turns).

MaCx the Warrior (Minotaur Berserker)              Turns: 38478, Time: 01:58:11

Health: -6/157     AC: 16    Str: 31    XL:     16   Next: 22%
Magic:  0/18       EV: 29    Int: 12    God:    Trog [******]
Gold:   2545       SH: 17    Dex: 26    Spells: 15/15 levels left

rFire    + . .     SeeInvis .   U - +8 morningstar of Nuilych {freeze, Str+4 Int+6}
rCold    . . .     Gourm    .   E - +1 shield of Lesoat {Dex+4}
rNeg     + . .     Faith    .   T - +5 scale mail of the Spider Nest {rElec Int+2}
rPois    +         Spirit   +   (helmet restricted)
rElec    +         Reflect  .   G - scarf {repulsion}
rCorr    .         Harm     .   x - +0 pair of gloves of Weuc {rF+}
MR       +....                  (no boots)
Stlth    +.........             w - amulet of guardian spirit
HPRegen  0.36/turn              H - ring of Facuidd {rPois rN+ Dex+10}
MPRegen  0.16/turn              K - +5 ring of evasion

@: repel missiles
A: retaliatory headbutt, horns 2
a: Berserk, Trog's Hand, Brothers in Arms, Renounce Religion


You were in an ice cave.
You worshipped Trog.
Trog was exalted by your worship.
You were not hungry.

You visited 4 branches of the dungeon, and saw 24 of its levels.
You also visited: Labyrinth, Ossuary, Ice Cave and Volcano.

You collected 2545 gold pieces.

Inventory:

Hand Weapons
 U - the +8 morningstar of Nuilych (weapon) {freeze, Str+4 Int+6}
   (Trog gifted it to you on level 5 of the Lair of Beasts)

   It has been specially enchanted to freeze those struck by it, causing extra
   injury to most foes and up to half again as much damage against particularly
   susceptible opponents.
   It can also slow down cold-blooded creatures.
   It affects your strength (+4).
   It affects your intelligence (+6).
Armour
 g - a +0 shield
 p - a +1 scale mail of cold resistance
 r - a +2 cloak of invisibility
 s - a +0 pair of gloves
 x - the +0 pair of gloves of Weuc (worn) {rF+}
   (You found it on level 7 of the Dungeon)

   It protects you from fire.
 E - the +1 shield of Lesoat (worn) {Dex+4}
   (You took it off an orc on level 7 of the Dungeon)

   It affects your dexterity (+4).
 G - a scarf of repulsion (worn)
 T - the +5 scale mail of the Spider Nest (worn) {rElec Int+2}
   (You found it on level 4 of the Lair of Beasts)

   It affects your intelligence (+2).
   It insulates you from electricity.
Jewellery
 w - an amulet of guardian spirit (around neck)
 H - the ring of Facuidd (left hand) {rPois rN+ Dex+10}
   (You found it in a labyrinth)

   [ring of positive energy]

   It affects your dexterity (+10).
   It protects you from poison.
   It protects you from negative energy.
 K - a +5 ring of evasion (right hand)
Wands
 J - a wand of polymorph (12)
 L - a wand of paralysis (46)
Scrolls
 a - 7 scrolls of identify
 d - 5 scrolls of blinking
 e - 12 scrolls of teleportation
 k - 13 scrolls of remove curse
 n - a scroll of enchant armour
 o - a scroll of fog
 A - 5 scrolls of enchant weapon
 C - a scroll of fear
Potions
 b - 6 potions of agility
 i - 2 potions of cancellation
 j - a potion of magic
 l - 6 potions of flight
 m - 4 potions of heal wounds
 q - 3 potions of invisibility
 t - 3 potions of haste
 v - 13 potions of curing
 z - 6 potions of might
 B - 3 potions of resistance
 F - 3 potions of ambrosia
Miscellaneous
 f - a lamp of fire
 h - a phial of floods
Comestibles
 c - 29 rations


   Skills:
 + Level 17.8 Fighting
 + Level 13.4 Maces & Flails
 + Level 14.8 Armour
 + Level 13.8 Dodging
 + Level 14.6 Shields
 + Level 5.3 Evocations


You had 15 spell levels left.
You didn't know any spells.
Your spell library was empty.

Dungeon Overview and Level Annotations

Branches:
Dungeon (15/15)            Temple (0/1) D:5            Lair (6/6) D:9
  Swamp (1/4) Lair:4       Spider (0/4) Lair:3        Slime (0/5) Lair:6
    Orc (2/2) D:11            Elf (0/3) Orc:2        Vaults (0/5) D:14
 Depths: D:15

Altars:
Ashenzari
Dithmenos
Elyvilon
Fedhas
Gozag
Kikubaaqudgha
Sif Muna
Trog
Yredelemnul
Zin
Beogh

Shops:
D:5 [   D:7 *![((   D:11 !   D:13 *   Orc:2 [([(


Innate Abilities, Weirdness & Mutations

You reflexively headbutt those who attack you in melee.
You have a pair of horns on your head.


Message History

The golden dragon simulacrum closely misses you.
The golden dragon simulacrum barely misses you.
You are too injured to fight recklessly!
You are too injured to fight recklessly!
You are too injured to fight recklessly!
You are too injured to fight recklessly!
You are too injured to fight recklessly!
You puncture the golden dragon simulacrum!
The golden dragon simulacrum is heavily damaged.
You hit the golden dragon simulacrum but do no damage.
You headbutt the golden dragon simulacrum.
The golden dragon simulacrum is heavily damaged.
The golden dragon simulacrum bites you.
The golden dragon simulacrum freezes you!!
* * * LOW HITPOINT WARNING * * *
You block the golden dragon simulacrum's attack.
The golden dragon simulacrum tramples you!
* * * LOW HITPOINT WARNING * * *
The golden dragon simulacrum freezes you!!
You die...

#(......./#
#$.......)#
.........
.......
..... ...
###Z###
##..@..##
##.......##
#....∩....#
#.........#
#.........#
#....∩....#
#.........#
###########


You could see a golden dragon simulacrum.

Vanquished Creatures
  Nikola (Swamp:1)
  Gastronok (D:9)
  Kirke (D:14)
  An orc warlord (Orc:1)
  A minotaur (Lab)
  A fire dragon (Lair:6)
  Fannar (D:11)
  Snorg (Orc:2)
  Josephine (D:12)
  7 hydras
  A catoblepas (Lair:5)
  3 vault guards (D:14)
  Erica (D:8)
  A tengu warrior (D:14)
  2 centaur warriors
  9 two-headed ogres
  2 alligators (Swamp:1)
  6 death yaks
  The ghost of Kaderl the Quickloader, a novice HuHu (D:8)
  Nergalle (Lair:3)
  Sonja (Orc:1)
  2 unseen horrors (D:12)
  A swamp dragon (Swamp:1)
  2 wizards (D:14)
  A shambling mangrove (Swamp:1)
  3 orc knights
  Pikel (D:6)
  2 lindwurms (Lair:6)
  2 orc sorcerers
  5 ugly things
  2 manticores (D:13)
  2 cyclopes
  2 wolf spiders (Lair:6)
  11 elephants (Lair:5)
  12 black mambas
  Maurice (Orc:2)
  Joseph (D:9)
  Psyche (D:8)
  2 gargoyles
  A guardian serpent (Lair:6)
  5 torpor snails (Lair:6)
  5 komodo dragons
  20 spiny frogs
  3 kobold demonologists (D:13)
  3 rime drakes
  A freezing wraith (D:14)
  A hellion (Swamp:1)
  An efreet (D:14)
  2 polar bears (Lair:1)
  3 tengu conjurers
  5 tyrant leeches
  6 trolls
  3 jumping spiders (Lair:3)
  14 hornets
  Prince Ribbit (D:8)
  2 bog bodies (Swamp:1)
  29 blink frogs
  9 hippogriffs
  3 spriggans
  5 redbacks
  A vampire (D:9)
  19 humans (D:14)
  A water elemental (D:11)
  Eustachio (D:6)
  42 yaks
  15 wyverns
  5 wraiths
  16 vampire mosquitoes
  2 hogs (D:14)
  Grum (D:9)
  5 swamp worms (Swamp:1)
  An insubstantial wisp (Lair:6)
  An iron troll simulacrum (IceCv)
  2 soldier ants
  2 acid dragons
  5 wargs
  22 water moccasins
  10 porcupines
  A swamp drake (Swamp:1)
  5 sky beasts
  33 orc warriors
  13 ice beasts
  4 black bears
  5 phantoms
  3 eyes of draining
  11 ogres
  12 wolves
  11 centaurs
  9 crocodiles
  4 big kobolds
  Blork the orc (D:6)
  A wyvern zombie (D:13)
  An earth elemental (Lab)
  20 bullfrogs
  3 scorpions
  A wyvern skeleton (D:12)
  6 killer bees
  A howler monkey (D:11)
  8 wights
  4 electric eels (D:11)
  6 jellies
  2 bullfrog zombies
  10 crimson imps
  2 centaur zombies
  Crazy Yiuf (D:6)
  25 orc priests
  4 quasits
  5 bullfrog skeletons
  8 hounds
  32 orc wizards
  Jessica (D:3)
  4 iguanas
  5 hell rats (Lair:3)
  7 worker ants
  2 hound skeletons (D:7)
  A mummy (Ossuary)
  A worker ant zombie (D:8)
  Robin (D:3)
  10 gnolls
  9 adders
  3 shadow imps
  2 adder skeletons
  3 worms
  4 dart slugs
  4 leopard geckos
  113 orcs
  8 giant cockroaches
  13 goblins
  14 hobgoblins
  16 jackals
  5 quokkas
  2 ball pythons
  10 bats
  8 frilled lizards
  3 gnoll skeletons (Ossuary)
  23 kobolds
  4 kobold skeletons (Ossuary)
  17 orc skeletons (Ossuary)
  6 rats
  A fungus (Lair:6)
  A plant (Lair:6)
923 creatures vanquished.

Vanquished Creatures (collateral kills)
  Saint Roka (Orc:2)
1 creature vanquished.

Vanquished Creatures (others)
  A human (D:14)
  A swamp drake (Swamp:1)
  9 fungi (Lair:6)
  27 plants (Lair:6)
38 creatures vanquished.

Grand Total: 962 creatures vanquished

Notes
Turn   | Place    | Note
-------+----------+-------------------------------------------
     0 | D:1      | MaCx the Minotaur Berserker began the quest for the Orb.
     0 | D:1      | Reached XP level 1. HP: 19/19 MP: 0/0
   288 | D:1      | Reached XP level 2. HP: 24/27 MP: 1/1
   698 | D:1      | Reached skill level 4 in Fighting
  1817 | D:2      | Reached XP level 3. HP: 33/33 MP: 2/2
  1942 | D:2      | Reached XP level 4. HP: 39/41 MP: 3/3
  1944 | D:2      | Reached ** piety under Trog
  2200 | D:2      | Found a glowing silver altar of Zin.
  2387 | D:2      | Reached skill level 5 in Maces & Flails
  2401 | D:2      | Reached skill level 5 in Fighting
  2785 | D:3      | Noticed Robin
  2805 | D:3      | Killed Robin
  3101 | D:3      | Noticed a phantom
  3124 | D:3      | Reached XP level 5. HP: 29/48 MP: 4/4
  3130 | D:3      | Killed a phantom
  3151 | D:3      | Reached skill level 6 in Fighting
  3155 | D:3      | Reached *** piety under Trog
  3157 | D:3      | Reached XP level 6. HP: 15/57 MP: 5/5
  3398 | D:3      | Noticed Jessica
  3418 | D:3      | Killed Jessica
  3837 | D:3      | Noticed a water moccasin
  3847 | D:3      | Killed a water moccasin
  4921 | D:4      | Found a deep blue altar of Sif Muna.
  4921 | D:4      | Found a basalt altar of Yredelemnul.
  4922 | D:4      | Found a blossoming altar of Fedhas.
  5157 | D:4      | Reached skill level 7 in Fighting
  5864 | D:4      | Reached XP level 7. HP: 58/66 MP: 6/6
  6735 | D:5      | Entered Level 5 of the Dungeon
  6985 | D:5      | Found a blossoming altar of Fedhas.
  7283 | D:5      | Found Xularet's Antique Armour Emporium.
  7401 | D:5      | Reached **** piety under Trog
  7959 | D:5      | Found an ancient bone altar of Kikubaaqudgha.
  7984 | D:5      | Found a staircase to the Ecumenical Temple.
  8380 | D:6      | Reached skill level 8 in Fighting
  9036 | D:6      | Reached XP level 8. HP: 62/75 MP: 4/7
  9341 | D:6      | Noticed Pikel
  9350 | D:6      | Killed Pikel
  9350 | D:6      | Reached skill level 9 in Fighting
  9417 | D:6      | Noticed Blork the orc
  9428 | D:6      | Killed Blork the orc
  9553 | D:6      | Found a runed door.
  9618 | D:6      | Reached skill level 10 in Fighting
  9618 | D:6      | Reached skill level 10 in Maces & Flails
  9866 | D:6      | Noticed Eustachio
  9891 | D:6      | Killed Eustachio
  9959 | D:6      | Reached XP level 9. HP: 72/86 MP: 8/8
 10213 | D:6      | Noticed Crazy Yiuf
 10217 | D:6      | Killed Crazy Yiuf
 10438 | D:7      | Reached skill level 11 in Fighting
 10485 | D:7      | Found Suent's Antique Weapon Shop.
 10514 | D:7      | Found a sand-covered staircase.
 10522 | Ossuary  | Entered an ossuary
 10971 | D:7      | Reached ***** piety under Trog
 11237 | D:7      | Found Opne's Assorted Antiques.
 11260 | D:7      | Found a shattered altar of Ashenzari.
 11424 | D:7      | Found Ytill's Distillery.
 11435 | D:7      | Found Uhoot's Antique Armour Emporium.
 11644 | D:7      | Got a twisted shield
 11654 | D:7      | Identified the +1 shield of Lesoat {Dex+4} (You took it off
                  | an orc on level 7 of the Dungeon)
 11803 | D:7      | Got a pair of polished gloves
 11809 | D:7      | Identified the cursed +0 pair of gloves of Weuc {rF+} (You
                  | found it on level 7 of the Dungeon)
 11855 | D:7      | Found Hitimefe's Antique Weapon Boutique.
 11887 | D:7      | Reached skill level 1 in Shields
 12094 | D:8      | Noticed Erica
 12099 | D:8      | Received a gift from Trog
 12112 | D:8      | Killed Erica
 12112 | D:8      | Reached skill level 12 in Fighting
 12112 | D:8      | Reached XP level 10. HP: 97/97 MP: 7/9
 12237 | D:8      | Got a dazzling arbalest {god gift}
 12527 | D:8      | Noticed a two-headed ogre
 12537 | D:8      | Killed a two-headed ogre
 12700 | D:8      | Noticed Prince Ribbit
 12706 | D:8      | Killed Prince Ribbit
 12706 | D:8      | Reached skill level 5 in Armour
 12730 | D:8      | Found a runed door.
 12738 | D:8      | Noticed Kaderl's ghost (novice HuHu)
 12743 | D:8      | Noticed Psyche
 12760 | D:8      | Killed Psyche
 12760 | D:8      | Reached skill level 5 in Dodging
 12809 | D:8      | Killed Kaderl's ghost
 12809 | D:8      | Reached skill level 5 in Shields
 13481 | D:8      | Found a bloodstained altar of Trog.
 13795 | D:9      | Noticed Grum
 13813 | D:9      | Killed Grum
 13959 | D:9      | Noticed Joseph
 13966 | D:9      | Reached XP level 11. HP: 106/106 MP: 10/10
 13973 | D:9      | Killed Joseph
 14135 | D:9      | Found a staircase to the Lair.
 14154 | D:9      | Reached skill level 13 in Fighting
 14452 | D:9      | Noticed Gastronok
 14455 | D:9      | Noticed a two-headed ogre
 14455 | D:9      | Noticed a two-headed ogre
 14465 | D:9      | Killed Gastronok
 14471 | D:9      | Killed a two-headed ogre
 14478 | D:9      | Killed a two-headed ogre
 15494 | Lair:1   | Entered Level 1 of the Lair of Beasts
 15915 | Lair:1   | Got a fine trident
 15960 | Lair:1   | Identified the +2 trident of Impatience {distort, Int+4}
                  | (You found it on level 1 of the Lair of Beasts)
 15971 | Lair:1   | Reached XP level 12. HP: 99/116 MP: 6/11
 15974 | Lair:1   | Reached skill level 14 in Fighting
 17026 | Lair:2   | Noticed a death yak
 17026 | Lair:2   | Noticed a death yak
 17027 | Lair:2   | Noticed a death yak
 17037 | Lair:2   | Killed a death yak
 17042 | Lair:2   | Killed a death yak
 17046 | Lair:2   | Killed a death yak
 17139 | Lair:2   | Reached skill level 10 in Armour
 17796 | Lair:2   | Received a gift from Trog
 18190 | Lair:3   | Reached skill level 10 in Shields
 18535 | Lair:3   | Noticed Nergalle
 18565 | Lair:3   | Killed Nergalle
 19329 | Lair:3   | Found a hole to the Spider Nest.
 19341 | Lair:3   | Reached skill level 10 in Dodging
 19353 | Lair:3   | Reached skill level 15 in Fighting
 19740 | Lair:3   | Reached XP level 13. HP: 126/126 MP: 12/12
 20524 | Lair:4   | Got an encrusted scale mail
 20535 | Lair:4   | Identified the +5 scale mail of the Spider Nest {rElec
                  | Int+2} (You found it on level 4 of the Lair of Beasts)
 20922 | Lair:4   | Found a staircase to the Swamp.
 22375 | Lair:5   | Found a dark tunnel.
 22380 | Volcano  | Entered a volcano
 22520 | Lair:5   | Reached ****** piety under Trog
 22535 | Lair:5   | Received a gift from Trog
 22546 | Lair:5   | Got a scorched morningstar {god gift}
 22737 | Lair:5   | Identified the +8 morningstar of Nuilych {freeze, Str+4
                  | Int+6} (Trog gifted it to you on level 5 of the Lair of
                  | Beasts)
 23118 | Lair:5   | Reached skill level 16 in Fighting
 23409 | Lair:5   | Reached XP level 14. HP: 122/137 MP: 10/13
 23583 | Lair:6   | Entered Level 6 of the Lair of Beasts
 24300 | Lair:6   | Found a staircase to the Slime Pits.
 24667 | Lair:6   | Found a runed door.
 24674 | Lair:6   | Received a gift from Trog
 26512 | Lair:2   | Identified a scroll of acquirement
 26704 | D:10     | Entered Level 10 of the Dungeon
 26761 | D:10     | Found a white marble altar of Elyvilon.
 27739 | D:11     | Found a staircase to the Orcish Mines.
 27880 | D:11     | Found Eleceybe's Distillery.
 28122 | D:11     | Reached skill level 1 in Evocations
 28286 | D:11     | Noticed Fannar
 28304 | D:11     | Killed Fannar
 28310 | D:11     | Received a gift from Trog
 28958 | Orc:1    | Entered Level 1 of the Orcish Mines
 29268 | Orc:1    | Noticed Sonja
 29290 | Orc:1    | Killed Sonja
 29477 | Orc:1    | Reached skill level 17 in Fighting
 29914 | Orc:2    | Entered Level 2 of the Orcish Mines
 29960 | Orc:1    | Received a gift from Trog
 30039 | Orc:2    | Reached XP level 15. HP: 147/147 MP: 15/15
 30105 | Orc:2    | Noticed Snorg
 30121 | Orc:2    | Killed Snorg
 30261 | Orc:2    | Noticed Saint Roka
 30567 | Orc:2    | Killed Saint Roka
 30748 | Orc:2    | Found a roughly hewn altar of Beogh.
 30999 | Orc:2    | Found a roughly hewn altar of Beogh.
 31070 | Orc:2    | Found a roughly hewn altar of Beogh.
 31204 | Orc:2    | Found a roughly hewn altar of Beogh.
 31204 | Orc:2    | Noticed Maurice
 31213 | Orc:2    | Killed Maurice
 31265 | Orc:2    | Found Isilal's Weapon Shoppe.
 31418 | Orc:2    | Found a staircase to the Elven Halls.
 31597 | Orc:2    | Found a roughly hewn altar of Beogh.
 31810 | Orc:2    | Found Himufrasm's Armour Boutique.
 32150 | Orc:2    | Noticed an orc warlord
 32367 | Orc:1    | Received a gift from Trog
 32370 | Orc:1    | Killed an orc warlord
 32706 | Orc:2    | Found Lane's Antique Armour Shoppe.
 32707 | Orc:2    | Found a roughly hewn altar of Beogh.
 32710 | Orc:2    | Found Raficsai's Antique Weapon Emporium.
 32756 | Orc:2    | Found a roughly hewn altar of Beogh.
 33143 | D:12     | Noticed Josephine
 33153 | D:12     | Killed Josephine
 33859 | D:13     | Found Zehi's Elemental Accessories.
 33904 | D:13     | Found a labyrinth entrance.
 33913 | Lab      | Entered a labyrinth
 34294 | Lab      | Got a transparent platinum ring
 34377 | Lab      | Got a scintillating jade ring
 34389 | Lab      | Identified the ring of Knowledge {AC+4 Int+2} (You took it
                  | off a minotaur in a labyrinth)
 34391 | Lab      | Identified the ring of Facuidd {rPois rN+ Dex+10} (You
                  | found it in a labyrinth)
 35289 | D:13     | Received a gift from Trog
 35883 | D:14     | Found a shadowy altar of Dithmenos.
 36177 | D:14     | Received a gift from Trog
 36186 | D:14     | Noticed Kirke
 36192 | D:14     | Killed Kirke
 36827 | D:14     | Found a gate to the Vaults.
 37707 | D:15     | Entered Level 15 of the Dungeon
 37978 | Swamp:1  | Entered Level 1 of the Swamp
 37982 | Swamp:1  | Reached XP level 16. HP: 157/157 MP: 18/18
 38183 | Swamp:1  | Received a gift from Trog
 38189 | Swamp:1  | Reached skill level 5 in Evocations
 38378 | Swamp:1  | Noticed Nikola
 38393 | Swamp:1  | Killed Nikola
 38417 | Swamp:1  | Found an opulent altar of Gozag.
 38434 | Swamp:1  | Found a frozen archway.
 38448 | IceCv    | Entered an ice cave
 38478 | IceCv    | Mangled by a golden dragon simulacrum

Skill      XL: |  1  2  3  4  5  6  7  8  9 10 11 12 13 14 15 16 |
---------------+-------------------------------------------------+-----
Fighting       | 4 5 6 7 8 10 12 13 15 16 17 | 17.8
Maces & Flails | 4 5 6 7 8 10 12 13 | 13.4
Armour         | 4 6 9 10 12 13 14 | 14.8
Shields        | 2 5 8 10 12 13 14 | 14.6
Dodging        | 3 6 8 10 11 12 13 | 13.8
Evocations     | 1 4 5 |  5.3

Action                   |  1- 3 |  4- 6 |  7- 9 | 10-12 | 13-15 | 16-18 || total
-------------------------+-------+-------+-------+-------+-------+-------++-------
Melee: Mace              |    64 |   174 |   121 |       |       |       ||   359
       Headbutt          |     6 |    28 |    83 |   227 |   386 |    43 ||   773
       Whip              |       |       |   267 |   697 |   274 |       ||  1238
       Morningstar       |       |       |       |       |  1025 |   119 ||  1144
Invok: Berserk           |       |     3 |     6 |    11 |    14 |     1 ||    35
       Brothers in Arms  |       |       |       |       |     3 |       ||     3
 Abil: Evoke Flight      |       |       |       |       |     2 |       ||     2
Evoke: Wand              |       |       |       |       |     1 |       ||     1
  Use: Scroll            |       |       |    12 |       |    21 |       ||    33
 Stab: Sleeping          |       |     1 |       |       |       |       ||     1
       Paralysed         |       |       |       |       |     1 |       ||     1
  Eat: Chunk             |     3 |    14 |    25 |    26 |    50 |     1 ||   119
       Ration            |       |       |       |     2 |     7 |     1 ||    10
Armor: Animal skin       |     6 |    17 |     2 |       |       |       ||    25
       Ring mail         |     8 |    33 |     5 |    44 |    52 |       ||   142
       Chain mail        |       |       |   159 |       |       |       ||   159
       Scale mail        |       |       |       |       |   108 |    16 ||   124
Dodge: Dodged            |    55 |    88 |   147 |   224 |   784 |    68 ||  1366
       Deflected         |       |       |     1 |     5 |    14 |     1 ||    21
Block: Shield            |       |       |     9 |   245 |   902 |    80 ||  1236
